 Dungeon Crawl Stone Soup version 0.31-a0-236-g9a0961fb85 (webtiles) character file.

Game seed: 9362681736447718184

348 qw the Shooter (level 6, 0/52 HPs)
             Began as a Minotaur Hexslinger on July 10, 2023.
             Was an Initiate of Okawaru.
             Slain by a hobgoblin (2 damage)
             ... led by Robin
             ... on level 4 of the Dungeon.
             The game lasted 00:01:32 (2986 turns).

qw the Shooter (Minotaur Hexslinger)                Turns: 2986, Time: 00:01:32

Health: 0/52       AC:  6    Str: 13    XL:     6   Next: 33%
Magic:  6/6        EV: 11    Int: 10    God:    Okawaru [......]
Gold:   120        SH:  0    Dex: 14    Spells: 6/7 levels left

rFire   . . .        Y - +1 sling
rCold   . . .        (no shield)
rNeg    . . .        k - +0 ring mail
rPois   .            (helmet restricted)
rElec   .            (no cloak)
rCorr   .            a - +0 pair of gloves
SInv    .            (no boots)
Will    +....        (no amulet)
Stlth   +            n - ring of willpower
HPRegen 0.28/turn    (no ring)
MPRegen 0.10/turn

%: no passive effects
@: about to teleport
A: horns 2, retaliatory headbutt
a: Renounce Religion


You were on level 4 of the Dungeon.
You worshipped Okawaru.
Okawaru was noncommittal.
You visited 1 branch of the dungeon, and saw 4 of its levels.
You also visited: Sewer.

You collected 189 gold pieces.
You spent 69 gold pieces at shops.


Innate Abilities, Weirdness & Mutations

You have a pair of horns on your head.
You reflexively headbutt those who attack you in melee.


   Skills:
 - Level 4.0 Fighting
 + Level 6.4 Ranged Weapons
 - Level 1.0 Armour
 - Level 2.1 Dodging
 - Level 1.0 Spellcasting
 - Level 2.0 Hexes


You had 6 spell levels left.
You knew the following spells:

 Your Spells              Type           Power      Damage    Failure   Level
a - Slow                  Hex            16%        N/A       32%         1

Your spell library contained the following spells:

 Spells                   Type           Power      Damage    Failure   Level
 Inner Flame              Hex/Fire       2%         N/A       82%         3
 Portal Projectile        Hex/Tloc       4%         N/A       82%         3
 Cause Fear               Hex            2%         N/A       97%         4

Inventory:

Hand Weapons
 Y - a +1 sling (weapon)
Armour
 a - a +0 pair of gloves (worn)
 k - a +0 ring mail (worn)
Jewellery
 l - a ring of ice
 n - a ring of willpower (left hand)
Scrolls
 i - a scroll of identify
 j - a scroll of teleportation
Potions
 b - 2 potions of attraction {unknown}
 c - 2 potions of curing
 d - a potion of heal wounds {unknown}
 e - a potion of haste
 f - a potion of ambrosia {unknown}
 g - a potion of mutation {unknown}
 h - a potion of cancellation {unknown}
 m - a potion of magic {unknown}

Dungeon Overview and Level Annotations

Branches:
Dungeon (4/15)              Sewer (visited)
 Temple: D:4-7

Altars:
Elyvilon
Gozag
Kikubaaqudgha
Okawaru

Shops:
D:2 !=*:

Annotations:
D:4 Robin


Message History

The goblin hits you with a +2 vampiric dagger.
The goblin hits you with a +2 dagger of speed.
You shoot a sling bullet.
The sling bullet barely misses the goblin.
The goblin barely misses you. The goblin closely misses you.
The hobgoblin misses you. You furiously retaliate!
You headbutt the hobgoblin, but do no damage.
The hobgoblin barely misses you.
The goblin hits you with a +2 dagger of speed.
You shoot a sling bullet.
The sling bullet barely misses the goblin.
The hobgoblin hits you. The goblin closely misses you. You furiously retaliate!
You headbutt the goblin.
You kill the goblin!
Okawaru accepts your kill.
The goblin hits you with a +2 dagger of speed.
The goblin hits you but does no damage.
You shoot a sling bullet. The sling bullet hits Robin.
Robin is lightly wounded.
Robin hits you but does no damage. The hobgoblin misses you.
The hobgoblin hits you but does no damage.
The goblin hits you with a +2 dagger of speed.
Robin hits you with a +0 dagger. The hobgoblin barely misses you.
You furiously retaliate!
You headbutt the hobgoblin.
The hobgoblin hits you but does no damage.
The goblin hits you with a +2 dagger of speed.
2985 ||| READING 2 scrolls of teleportation.
As you read the scroll of teleportation, it crumbles to dust.
You feel strangely unstable. Robin barely misses you.
The goblin barely misses you. The hobgoblin hits you. The hobgoblin misses you.
You shoot a sling bullet.
The sling bullet hits the hobgoblin but does no damage.
The hobgoblin is almost dead.
The goblin no longer looks unusually strong.
Robin roars a battlecry!
The goblin goes into a battle-frenzy!
The goblin completely misses you. Robin hits you but does no damage.
The hobgoblin hits you.
You die...

#.. ##. .. #...#... #..
. .#.. .....####.. ..
... #........## ... #.#
#.......#. .... ##.#
#......... .(...
##..###...........
......#)g...#.........%%
..)..)g@................
......gg##..#...........
....######..####........
..# #...........>... .
##.....#...........
#..#####....#......
..... #....###.....
.###. ###...........
#.##.##....#.....


You could see Robin (fast), 2 hobgoblins and a goblin (strong).

Vanquished Creatures
  2 bullfrogs (Sewer)
  Terence (D:3)
  5 adders
  A white imp (D:4)
  5 worms
  3 dart slugs
  An orc (D:3)
  15 ball pythons
  5 bats
  17 endoplasms
  9 giant cockroaches
  11 goblins
  7 hobgoblins
  6 jackals (D:1)
  7 quokkas
  12 frilled lizards
  6 kobolds
  6 rats
119 creatures vanquished.

Vanquished Creatures (others)
  A human (D:3)
1 creature vanquished.

Grand Total: 120 creatures vanquished

Notes
Turn   | Place    | Note
-------+----------+-------------------------------------------
     0 | D:1      | qw the Minotaur Hexslinger began the quest for the Orb.
     0 | D:1      | Reached XP level 1. HP: 16/16 MP: 1/1
     0 | D:1      | 0 ||| qw: Version: 0.3-a-52-g30416fa
     0 | D:1      | 0 ||| qw: Game counter: 4583
     0 | D:1      | 0 ||| qw: Melee chars always use a shield: true
     0 | D:1      | 0 ||| qw: God list: Okawaru
     0 | D:1      | 0 ||| qw: Allow faded altars: false
     0 | D:1      | 0 ||| qw: Do Orc after clearing Dungeon:15 true
     0 | D:1      | 0 ||| qw: Do second Lair branch before Depths: true
     0 | D:1      | 0 ||| qw: Lair rune preference: random
     0 | D:1      | 0 ||| qw: Goals: Normal
     0 | D:1      | 0 ||| PLANNING D:1-11
   121 | D:1      | Reached skill level 3 in Ranged Weapons
   121 | D:1      | Reached XP level 2. HP: 22/23 MP: 2/2
   445 | D:1      | Reached XP level 3. HP: 16/29 MP: 3/3
   558 | D:1      | 558 ||| UPGRADING to +0 ring mail.
   568 | D:1      | 568 ||| DROPPING +0 robe.
   569 | D:1      | 569 ||| READING scroll labelled LUMUCO XIUFOSI.
   570 | D:1      | 570 ||| READING 2 scrolls labelled WANOCH FYGERCH.
   571 | D:1      | 571 ||| READING scroll labelled YLA TOMEXAREA.
   572 | D:1      | 572 ||| DRINKING 2 amethyst potions.
   573 | D:1      | 573 ||| DROPPING scroll of poison.
   574 | D:1      | 574 ||| DROPPING potion of degeneration.
   674 | D:2      | Found Diatug's Distillery.
   680 | D:2      | 680 ||| BUYING potion of curing (36 gold).
   680 | D:2      | Bought a potion of curing for 36 gold pieces
   680 | D:2      | 680 ||| SHOPLISTING potion of curing (36 gold, have 5).
   681 | D:2      | Found Ithreutim's Jewellery Shoppe.
   687 | D:2      | 687 ||| SHOPLISTING +4 ring of protection (504 gold, have
                  | 5).
   687 | D:2      | 687 ||| SHOPLISTING ring of poison resistance (280 gold,
                  | have 5).
   687 | D:2      | 687 ||| SHOPLISTING ring of protection from cold (350 gold,
                  | have 5).
   687 | D:2      | 687 ||| SHOPLISTING ring of resist corrosion (280 gold,
                  | have 5).
   687 | D:2      | 687 ||| SHOPLISTING ring of willpower (350 gold, have 5).
   721 | D:2      | Reached skill level 4 in Ranged Weapons
   808 | D:2      | Found Rawnag's Book Boutique.
   818 | D:2      | Found an opulent altar of Gozag.
   893 | D:2      | Found Ikheododi's General Store.
   896 | D:2      | Reached skill level 1 in Armour
   902 | D:2      | 902 ||| BUYING scroll of teleportation (33 gold).
   902 | D:2      | Bought a scroll of teleportation for 33 gold pieces
   902 | D:2      | 902 ||| SHOPLISTING scroll of teleportation (33 gold, have
                  | 7).
   983 | D:2      | Reached XP level 4. HP: 36/36 MP: 4/4
  1079 | D:2      | 1079 ||| UPGRADING to ring of willpower.
  1080 | D:2      | 1080 ||| READING scroll labelled MEF ENGIZINICH.
  1099 | D:3      | 1099 ||| PLANNING SEWER
  1219 | D:3      | Noticed Terence
  1228 | D:3      | Killed Terence
  1339 | D:3      | Found a glowing drain.
  1343 | D:3      | 1343 ||| Stepping ~*~*~tactically~*~*~ (water).
  1349 | D:3      | Reached skill level 5 in Ranged Weapons
  1355 | Sewer    | Entered a sewer
  1376 | Sewer    | 1376 ||| Stepping ~*~*~tactically~*~*~ (water).
  1378 | Sewer    | 1378 ||| Stepping ~*~*~tactically~*~*~ (water).
  1396 | Sewer    | 1396 ||| Stepping ~*~*~tactically~*~*~ (water).
  1413 | Sewer    | 1413 ||| Stepping ~*~*~tactically~*~*~ (water).
  1421 | Sewer    | 1421 ||| Stepping ~*~*~tactically~*~*~ (water).
  1447 | Sewer    | 1447 ||| Stepping ~*~*~tactically~*~*~ (water).
  1472 | Sewer    | 1472 ||| Stepping ~*~*~tactically~*~*~ (water).
  1501 | Sewer    | 1501 ||| Stepping ~*~*~tactically~*~*~ (water).
  1520 | Sewer    | 1520 ||| Stepping ~*~*~tactically~*~*~ (water).
  1524 | Sewer    | Reached skill level 3 in Fighting
  1524 | Sewer    | Reached XP level 5. HP: 38/45 MP: 5/5
  1552 | Sewer    | 1552 ||| Stepping ~*~*~tactically~*~*~ (water).
  1564 | Sewer    | 1564 ||| Stepping ~*~*~tactically~*~*~ (water).
  1612 | Sewer    | 1612 ||| Stepping ~*~*~tactically~*~*~ (water).
  1726 | Sewer    | 1726 ||| Stepping ~*~*~tactically~*~*~ (water).
  1735 | Sewer    | Reached skill level 6 in Ranged Weapons
  1736 | Sewer    | Reached XP level 6. HP: 19/52 MP: 6/6
  1866 | Sewer    | 1866 ||| READING scroll labelled ZUNIQE XONEW.
  1867 | Sewer    | 1867 ||| DRINKING 2 smoky golden potions.
  1883 | Sewer    | 1883 ||| DROPPING potion of lignification.
  1898 | D:3      | 1898 ||| PLANNING D:1-11
  1964 | D:3      | Found an ancient bone altar of Kikubaaqudgha.
  1967 | D:3      | Noticed a human
  1969 | D:3      | Killed a human
  2295 | D:3      | Found an iron altar of Okawaru.
  2296 | D:3      | 2296 ||| PLANNING OKAWARU WORSHIP
  2528 | D:3      | 2528 ||| UPGRADING to +0 pair of gloves.
  2620 | D:3      | Became a worshipper of Warmaster Okawaru
  2621 | D:3      | 2621 ||| PLANNING D:1-11
  2704 | D:4      | Found an opulent altar of Gozag.
  2706 | D:4      | Found a white marble altar of Elyvilon.
  2815 | D:4      | 2815 ||| FLEEEEING.
  2816 | D:4      | 2816 ||| FLEEEEING.
  2817 | D:4      | 2817 ||| FLEEEEING.
  2818 | D:4      | 2818 ||| FLEEEEING.
  2819 | D:4      | 2819 ||| FLEEEEING.
  2820 | D:4      | 2820 ||| FLEEEEING.
  2821 | D:4      | 2821 ||| FLEEEEING.
  2974 | D:4      | Noticed Robin
  2984 | D:4      | HP: 10/52 [goblin/+2 dagger of speed[Robin] (5)]
  2984 | D:4      | HP: 3/52 [goblin/+2 dagger of speed[Robin] (6)]
  2985 | D:4      | 2985 ||| READING 2 scrolls of teleportation.
  2985 | D:4      | HP: 1/52 [hobgoblin[Robin] (2)]
  2986 | D:4      | Slain by a hobgoblin

Levels and vault maps discovered:
D:1:      dpeg_arrival_stone_temple_mockup, layout_rooms
D:2:      layout_rooms, basic_altar, serial_shops, shop,
          nicolae_shop_tiny_glass, nicolae_shop_industrial_runoff,
          nicolae_shop_statue_plus
D:3:      layout_basic, tgw_kikubaaqudgha, mainiacjoe_overflow_catwalk,
          cheibrodos_sewer_entry_bend, uniq_terence
D:4:      layout_cave_pools, minitemple, uniq_robin

Skill      XL: |  1  2  3  4  5  6 |
---------------+-------------------+-----
Ranged Weapons | 3 4 5 6 |  6.4
Fighting       | 2 3 4 |  4.0
Armour         | 1 |  1.0
Dodging        | |  2.1
Spellcasting   | |  1.0
Hexes          | |  2.0

Action                     |  1- 3 |  4- 6 || total
---------------------------+-------+-------++-------
   Fire: Sling             |   124 |   223 ||   347
    Use: Scroll            |     3 |     3 ||     6
         Potion            |     1 |     1 ||     2
 Armour: Robe              |     3 |       ||     3
         Ring mail         |    11 |    71 ||    82
  Dodge: Dodged            |    45 |   130 ||   175

Table legend:
 A = Non-vault XP
 B = Vault XP
 C = Vault XP percentage of total XP
 D = Non-vault monster count
 E = Vault monster count
 F = Vault count percentage of total count
                 A         B        C        D         E       F
            +---------+---------+-------+---------+---------+-------
      Total |     164 |     334 |  67.1 |      68 |      51 |  42.9
            +---------+---------+-------+---------+---------+-------
        D:1 |      42 |       0 |   0.0 |      25 |       0 |   0.0
        D:2 |      56 |       0 |   0.0 |      25 |       0 |   0.0
        D:3 |      25 |      43 |  63.2 |      10 |       2 |  16.7
        D:4 |      41 |      13 |  24.1 |       8 |       7 |  46.7
      Sewer |       0 |     278 | 100.0 |       0 |      42 | 100.0
            +---------+---------+-------+---------+---------+-------
